 Dungeon Crawl Stone Soup version 0.23-a0-612-gcb482e9 (webtiles) character file.

56 tilp the Chiller (level 3, -2/24 HPs)
             Began as a Merfolk Ice Elementalist on Dec 21, 2018.
             Shot with an arrow by a centaur (6 damage)
             ... on level 3 of the Dungeon.
             The game lasted 00:04:24 (2118 turns).

tilp the Chiller (Merfolk Ice Elementalist)         Turns: 2118, Time: 00:04:25

Health: -2/24      AC:  2    Str:  8    XL:     3   Next: 95%
Magic:  5/6        EV: 13    Int: 15    God:
Gold:   79         SH:  0    Dex: 14    Spells: 0/6 levels left

rFire    . . .     SeeInvis .   b - +0 hunting sling
rCold    . . .     Gourm    .   (no shield)
rNeg     . . .     Faith    .   p - +0 robe
rPois    .         Spirit   .   (no helmet)
rElec    .         Reflect  .   (no cloak)
rCorr    .         Harm     .   (no gloves)
MR       .....                  (no boots)
Stlth    ++........             (no amulet)
HPRegen  0.08/turn              (no ring)
MPRegen  0.10/turn              (no ring)

@: no status effects
A: change form in water, swift swim, stealthy swim
a: no special abilities


You were on level 3 of the Dungeon.
You were not hungry.

You visited 1 branch of the dungeon, and saw 3 of its levels.

You collected 79 gold pieces.

Inventory:

Hand Weapons
 a - a +0 dagger
 b - a +0 hunting sling (weapon)
 d - a +0 spear
Missiles
 q - 53 stones (quivered)
Armour
 p - a +0 robe (worn)
Jewellery
 f - a cursed -3 ring of intelligence {unknown}
 n - a cursed ring of teleportation {unknown}
Scrolls
 e - a scroll of enchant weapon {unknown}
 g - a scroll of blinking {unknown}
 h - a scroll of amnesia {unknown}
 i - 2 scrolls of identify {unknown}
 l - a scroll of remove curse {unknown}
 r - a scroll of teleportation {unknown}
Potions
 j - 2 potions of magic {unknown}
 k - a potion of agility {unknown}
 m - a potion of ambrosia {unknown}
Comestibles
 c - 4 rations
 o - a chunk of flesh


   Skills:
 - Level 2.6 Dodging
 - Level 2.1 Stealth
 - Level 2.0 Spellcasting
 - Level 0.7 Conjurations
 + Level 5.2 Ice Magic


You couldn't memorise any spells.
You knew the following spells:

 Your Spells              Type           Power        Failure   Level  Hunger
a - Freeze                Ice            ###.         2%          1    #......
b - Throw Frost           Conj/Ice       ##....       10%         2    ###....
c - Ozocubu's Armour      Chrm/Ice       #.......     22%         3    ###....

Your spell library contained the following spells:

 Spells                   Type           Power        Failure   Level  Hunger
 Throw Icicle             Conj/Ice       ##......     54%         4    #####..
 Summon Ice Beast         Ice/Summ       #.......     58%         4    #####..


Dungeon Overview and Level Annotations

Branches:
Dungeon (3/15)

Altars:
Ashenzari
Cheibriados
Fedhas
Xom
Zin


Message History

You freeze the kobold.
You kill the kobold!
Firing (i - inventory)
q - 54 stones (quivered)
Press: ? - help, Shift-Dir - straight line, f - frilled lizard
Aim: a frilled lizard (resting)
You shoot a stone. The stone hits the frilled lizard.
You kill the frilled lizard!
A centaur comes into view.
The centaur shouts!
The centaur wields a +0 shortbow.
The centaur shoots an arrow.
The arrow hits you!
The centaur shoots an arrow.
The arrow hits you!
Ouch! That really hurt!
* * * LOW HITPOINT WARNING * * *
You see here 2 arrows.
Okay, then.
The centaur shoots an arrow.
The arrow completely misses you.
There is a stone staircase leading up here.
You see here an arrow.
The centaur shoots an arrow.
The arrow hits you.
You die...

##### .....
#...# #.#.# .
#.#.# ##...
#)#.#....#
#@.(..(..#
#...#.....c..
#....##.........
......
.......... .....
##.........
..... #.........
#... #....>....
#... #.........


You could see a centaur.

Vanquished Creatures
  A worker ant (D:2)
  An ooze (D:1)
  2 dart slugs
  A ball python (D:1)
  A giant cockroach (D:1)
  3 goblins
  2 hobgoblins
  5 bats
  3 frilled lizards
  4 kobolds
  5 rats
28 creatures vanquished.

Notes
Turn   | Place    | Note
-------+----------+-------------------------------------------
     0 | D:1      | tilp the Merfolk Ice Elementalist began the quest for the
                  | Orb.
     0 | D:1      | Reached XP level 1. HP: 13/13 MP: 3/3
   343 | D:1      | Reached XP level 2. HP: 15/19 MP: 3/5
   347 | D:1      | Learned a level 2 spell: Throw Frost
   575 | D:1      | Reached skill level 4 in Ice Magic
  1063 | D:1      | Reached XP level 3. HP: 23/24 MP: 3/6
  1068 | D:1      | Learned a level 3 spell: Ozocubu's Armour
  1495 | D:2      | Found a glowing silver altar of Zin.
  1498 | D:2      | Found a snail-covered altar of Cheibriados.
  1498 | D:2      | Found a shattered altar of Ashenzari.
  1500 | D:2      | Found a blossoming altar of Fedhas.
  1501 | D:2      | Found a shimmering altar of Xom.
  1792 | D:2      | Reached skill level 5 in Ice Magic
  2115 | D:3      | Noticed a centaur
  2118 | D:3      | Shot with an arrow by a centaur

Vault maps used:
D:1:      dpeg_arrival_water_temple_mockup
D:2:      grunt_temple_overflow_open
D:3:      first_ration

Skill      XL: |  1  2  3 |
---------------+----------+-----
Ice Magic      | 4 5 |  5.2
Dodging        | |  2.6
Stealth        | |  2.1
Spellcasting   | |  2.0
Conjurations   | |  0.7

Action                   || total
-------------------------++-------
Melee: Whip              ||     4
 Fire: Hunting sling     ||    17
 Cast: Freeze            ||    40
 Stab: Sleeping          ||     2
  Eat: Chunk             ||     4
Armor: Robe              ||     8
Dodge: Dodged            ||    27

Table legend:
 A = Non-vault XP
 B = Vault XP
 C = Vault XP percentage of total XP
 D = Non-vault monster count
 E = Vault monster count
 F = Vault count percentage of total count
                 A         B        C        D         E       F
            +---------+---------+-------+---------+---------+-------
      Total |      80 |       0 |   0.0 |      28 |       0 |   0.0
            +---------+---------+-------+---------+---------+-------
        D:1 |      34 |       0 |   0.0 |      18 |       0 |   0.0
        D:2 |      44 |       0 |   0.0 |       8 |       0 |   0.0
        D:3 |       2 |       0 |   0.0 |       2 |       0 |   0.0
            +---------+---------+-------+---------+---------+-------
